 Dungeon Crawl Stone Soup version 0.31-a0-865-g3d5d91748a (webtiles) character file.

Game seed: 15464555266898703635

714 gelatine the Digger (level 7, -4/52 HPs)
             Began as a Demonspawn Wanderer on Oct 11, 2023.
             Slain by a gnoll sergeant
             ... wielding a +0 trident
              (8 damage)
             ... on level 5 of the Dungeon.
             The game lasted 00:12:12 (3784 turns).

gelatine the Digger (Demonspawn Wanderer)           Turns: 3784, Time: 00:12:12

Health: -4/52      AC:  6    Str: 17    XL:     7   Next: 41%
Magic:  5/12       EV: 11    Int: 14    God:
Gold:   127        SH: 10    Dex:  9    Spells: 9/13 levels left

rFire   . . .        m - +0 hand axe
rCold   . . .        u - +2 buckler
rNeg    + . .        k - +2 robe {rN+}
rPois   .            (helmet restricted)
rElec   .            (no cloak)
rCorr   .            (no gloves)
SInv    .            c - +0 pair of boots
Will    .....        e - amulet of reflection
Stlth   ++           w - ring of wizardry
HPRegen 0.28/turn    (no ring)
MPRegen 0.13/turn

%: reflection, wizardry (x1)
@: no status effects
A: antennae 2, demonic guardian 1, sharp scales 1
a: no special abilities


You were on level 5 of the Dungeon.
You visited 1 branch of the dungeon, and saw 5 of its levels.

You collected 127 gold pieces.

Inventory:

Hand Weapons
 m - a +0 hand axe (weapon)
 t - a +0 war axe
Missiles
 h - 6 boomerangs
Armour
 c - a +0 pair of boots (worn)
 k - a +2 robe of positive energy (worn)
 u - a +2 buckler (worn)
Jewellery
 e - an amulet of reflection (around neck)
 g - an amulet of magic regeneration
 l - an amulet of guardian spirit
 s - a ring of fire
 w - a ring of wizardry (left hand)
Wands
 a - a wand of flame (4)
Scrolls
 b - 2 scrolls of immolation
 d - 2 scrolls of teleportation
 j - a scroll of noise
 n - a scroll of torment
 r - a scroll of enchant weapon
 v - a scroll of amnesia
Potions
 f - 3 potions of haste
 o - a potion of resistance
 p - 3 potions of curing
 q - 2 potions of attraction


   Skills:
 * Level 3.0 Fighting
 * Level 2.6 Axes
 * Level 1.9 Armour
 * Level 2.5 Dodging
 + Level 3.1 Stealth
 + Level 0.8 Shields
 + Level 1.8 Unarmed Combat
 * Level 3.6 Spellcasting
 + Level 0.2 Conjurations
 + Level 3.9 Earth Magic


You had 9 spell levels left.
You knew the following spells:

 Your Spells              Type           Power      Damage    Failure   Level
a - Sandblast             Erth           26%        2d8       2%          1
b - Stone Arrow           Conj/Erth      16%        3d8       13%         3

Your spell library contained the following spells:

 Spells                   Type           Power      Damage    Failure   Level


Dungeon Overview and Level Annotations

Branches:
Dungeon (5/15)
 Temple: D:4-7

Altars:
Fedhas

Shops:
D:2 *


Innate Abilities, Weirdness & Mutations

You have a pair of antennae on your head.
A weak demonic guardian rushes to your aid.
You are partially covered in razor-sharp scales. (AC +1, Slay +1)


Message History

Your ufetubus closely misses the orc wizard.
Your ufetubus hits the orc wizard. You block the gnoll sergeant's attack.
The orc wizard hits you with a +0 dagger.
* * * LOW HITPOINT WARNING * * *
Your ufetubus barely misses the orc wizard.
Your ufetubus closely misses the orc wizard.
You slash the orc wizard!
You kill the orc wizard!
You block the gnoll sergeant's attack.
Your ufetubus hits the gnoll sergeant but does no damage.
Your ufetubus barely misses the gnoll sergeant.
You hit the orc but do no damage. You block the gnoll sergeant's attack.
The orc hits you but does no damage.
Your ufetubus hits the gnoll sergeant.
Your ufetubus barely misses the gnoll sergeant.
The orc hits you but does no damage.
The gnoll sergeant hits you from afar with a +0 trident.
* * * LOW HITPOINT WARNING * * *
Unknown command.
You hit the orc but do no damage.
Your ufetubus hits the gnoll sergeant but does no damage.
Your ufetubus hits the gnoll sergeant.
Your ufetubus closely misses the gnoll sergeant.
Your ufetubus hits the gnoll sergeant but does no damage.
The gnoll sergeant hits your ufetubus with a +0 trident.
The orc hits you but does no damage.
You hit the orc but do no damage.
Your ufetubus hits the gnoll sergeant but does no damage.
Your ufetubus closely misses the gnoll sergeant.
The orc hits you with a +0 mace.
* * * LOW HITPOINT WARNING * * *
A demonic guardian appears!
Your ufetubus hits the gnoll sergeant but does no damage. x2
The gnoll sergeant hits you from afar with a +0 trident.
* * * LOW HITPOINT WARNING * * *
You closely miss the orc.
Your ufetubus hits the gnoll sergeant but does no damage.
Your ufetubus closely misses the gnoll sergeant.
The orc hits you but does no damage.
The gnoll sergeant hits you from afar with a +0 trident!
You die...

...... >.. .....#..#
...........# . ...
...........# ..... #..#
...........####.......#...
........g{............#...
. ....{#g#............#...
... ...#5##...##......#...
.....#.#5@o.............#.
#................##.......
.......##........###......
##..#..[..........##......
###.....#.......###.).#..
#......##..#...##.......
##.(....#..###.)........
#.........##.........##
#...........<.#.......#


You could see a gnoll sergeant (ally target), a gnoll, an orc, a friendly shadow
imp (summoned) and a friendly ufetubus (summoned).

Vanquished Creatures
  An ogre (D:5)
  A centaur (D:5)
  A phantom (D:5)
  3 scorpions
  An orc priest (D:3)
  2 sleepcaps (D:4)
  Jessica (D:2)
  3 orc wizards
  4 adders
  A worm (D:4)
  2 dart slugs
  4 orcs
  3 ball pythons
  3 endoplasms
  4 giant cockroaches (D:2)
  17 goblins
  6 hobgoblins
  7 kobolds
  3 quokkas
  2 bats
  3 frilled lizards
  3 rats
75 creatures vanquished.

Vanquished Creatures (collateral kills)
  Robin (D:3)
  2 goblins (D:3)
  A hobgoblin (D:3)
4 creatures vanquished.

Grand Total: 79 creatures vanquished

Notes
Turn   | Place    | Note
-------+----------+-------------------------------------------
     0 | D:1      | gelatine the Demonspawn Wanderer began the quest for the
                  | Orb.
     0 | D:1      | gelatine set off with the following items: a +0 club, a
                  | potion of heal wounds, a +0 pair of boots, a scroll of
                  | teleportation, a +0 leather armour, a potion of haste; and
                  | the following spell memorised: Sandblast; and the following
                  | spells available to memorise: Stone Arrow.
     0 | D:1      | Reached XP level 1. HP: 15/15 MP: 2/2
   363 | D:1      | Gained mutation: You have a pair of small antennae on your
                  | head. [demonic ancestry]
   363 | D:1      | Reached XP level 2. HP: 21/21 MP: 1/3
   792 | D:2      | Noticed Jessica
   803 | D:2      | Killed Jessica
   804 | D:2      | Reached XP level 3. HP: 27/27 MP: 2/5
  1337 | D:2      | Found Eplo Pui's General Store.
  1456 | D:2      | Gained mutation: You are partially covered in razor-sharp
                  | scales. (AC +1, Slay +1) [demonic ancestry]
  1456 | D:2      | Reached XP level 4. HP: 33/33 MP: 3/6
  1869 | D:3      | Reached skill level 1 in Dodging
  1959 | D:3      | Found a blossoming altar of Fedhas.
  2091 | D:3      | Noticed Robin
  2099 | D:3      | Gained mutation: A weak demonic guardian rushes to your
                  | aid. [demonic ancestry]
  2099 | D:3      | Reached XP level 5. HP: 25/38 MP: 3/8
  2113 | D:3      | Killed Robin
  2226 | D:3      | Reached skill level 1 in Axes
  2384 | D:3      | Reached skill level 1 in Armour
  2854 | D:4      | Reached XP level 6. HP: 45/46 MP: 6/10
  3109 | D:4      | Learned a level 3 spell: Stone Arrow
  3612 | D:5      | Entered Level 5 of the Dungeon
  3633 | D:5      | Gained mutation: You have a pair of antennae on your head.
                  | [demonic ancestry]
  3633 | D:5      | Reached XP level 7. HP: 34/51 MP: 3/12
  3784 | D:5      | Slain by a gnoll sergeant

Illustrated notes

Levels and vault maps discovered:
D:1:      dpeg_arrival_connections, layout_basic
D:2:      layout_loops_corners, serial_glass, glass_columns_c, glass_columns_a,
          feat_on_display, minmay_strange_pillars, feat_on_display,
          feat_on_display, serial_shops, nicolae_shop_tiny_glass,
          minmay_misc_feat_enclosed, kennysheep_generic_room_5, uniq_jessica
D:3:      layout_rooms, overflow_temple_1_default, uniq_robin
D:4:      layout_cave_pools
D:5:      layout_cave_pools, lemuel_crystal_altar, serial_shops, shop

Skill      XL: |  1  2  3  4  5  6  7 |
---------------+----------------------+-----
Earth Magic    | 3 |  3.9
Stealth        | 3 |  3.1
Fighting       | 2 3 |  3.0
Spellcasting   | 2 3 |  3.6
Dodging        | 1 2 |  2.5
Axes           | 1 2 |  2.6
Armour         | 1 |  1.9
Shields        | |  0.8
Unarmed Combat | |  1.8
Conjurations   | |  0.2

Action                     |  1- 3 |  4- 6 |  7- 9 || total
---------------------------+-------+-------+-------++-------
  Melee: Club              |    56 |       |       ||    56
         Hand axe          |       |    88 |    24 ||   112
         Punch             |       |     2 |       ||     2
   Cast: Sandblast         |    39 |    45 |       ||    84
         Stone Arrow       |       |     7 |     3 ||    10
    Use: Potion            |       |     1 |       ||     1
         Scroll            |       |     7 |     3 ||    10
   Stab: Sleeping          |     3 |       |       ||     3
 Armour: Leather armour    |    10 |       |       ||    10
         Robe              |    43 |    81 |    28 ||   152
  Dodge: Dodged            |    60 |    56 |    12 ||   128
  Block: Other             |    13 |    17 |       ||    30
         Buckler           |       |    19 |    17 ||    36
         Reflection        |       |     1 |       ||     1

Table legend: (Time is in decaauts)
 A = Elapsed time spent in this place.
 B = Non-inter-level travel time spent in this place.
 C = Inter-level travel time spent in this place.
 D = Time resting spent in this place.
 E = Time spent auto-exploring this place.
 F = Levels seen in this place.
 G = Mean time per level.
                   A        B        C        D        E       F      G
               +--------+--------+--------+--------+--------+-----+--------+
         Total |   3875 |   3726 |    149 |      0 |   2995 |   5 |  775.0 |
       Dungeon |   3875 |   3726 |    149 |      0 |   2995 |   5 |  775.0 |
               +--------+--------+--------+--------+--------+-----+--------+

Top non-repeatable levels by time:
     D:2: 1182 daAuts
     D:4: 1048 daAuts
     D:3: 823 daAuts
     D:1: 643 daAuts
     D:5: 179 daAuts
